 Dungeon Crawl Stone Soup version 0.23.2-1-ga50397a (webtiles) character file.

Game seed: 11555900310818900797

57155 Zorbak the Basher (level 14, -3/110 HPs)
             Began as a Demonspawn Gladiator on May 12, 2019.
             Was the Champion of Makhleb.
             Slain by an ogre
             ... wielding a +0 giant club
              (4 damage)
             ... while paralysed by an ogre mage
             ... on level 2 of the Orcish Mines.
             The game lasted 01:18:52 (13729 turns).

Zorbak the Basher (Demonspawn Gladiator)           Turns: 13729, Time: 01:18:53

Health: -3/110     AC: 14    Str: 24    XL:     14   Next: 44%
Magic:  0/21       EV:  2    Int: 13    God:    Makhleb [******]
Gold:   1827       SH:  0    Dex: 22    Spells: 13/13 levels left

rFire    + + +     SeeInvis .   c - +7 hand axe of Ashenzari's Hope {chaos, -Tele rF+ rC++ Int+3}
rCold    + + .     Gourm    .   Z - +0 buckler
rNeg     . . .     Faith    .   z - +0 fire dragon scales
rPois    .         Spirit   +   (helmet restricted)
rElec    .         Reflect  .   k - +0 cloak
rCorr    .         Harm     +   (no gloves)
MR       +....     NoTele   +   C - +0 pair of boots
Stlth    ++........             N - amulet of the Distant Future {Harm *Drain Str+2}
HPRegen  0.28/turn              h - +3 ring of slaying
MPRegen  0.34/turn              r - ring of protection from cold

@: paralysed, mighty, agile
A: antennae 2, powered by pain 1, magic shield, magic regeneration, sturdy frame
2
a: Minor Destruction, Lesser Servant of Makhleb, Major Destruction, Greater
Servant of Makhleb, Renounce Religion


You were on level 2 of the Orcish Mines.
You worshipped Makhleb.
Makhleb was exalted by your worship.
You were hungry.

You visited 4 branches of the dungeon, and saw 18 of its levels.

You collected 1827 gold pieces.

Inventory:

Hand Weapons
 a - a +0 flail
 c - the +7 hand axe of Ashenzari's Hope (weapon) {chaos, -Tele rF+ rC++ Int+3}
   (You found it on level 7 of the Dungeon)

   Each time it hits an enemy it has a different, random effect.
   It affects your intelligence (+3).
   It protects you from fire.
   It greatly protects you from cold.
   It prevents most forms of teleportation.
 X - a +0 blowgun
Missiles
 d - 2 throwing nets (quivered)
 i - 128 sling bullets
 v - 44 poisoned needles
 J - a needle of confusion
Armour
 k - a +0 cloak (worn)
 z - +0 fire dragon scales (worn)
 C - a +0 pair of boots (worn)
 H - a +0 scale mail
 Z - a +0 buckler (worn)
Jewellery
 b - a +3 ring of intelligence
 h - a +3 ring of slaying (left hand)
 r - a ring of protection from cold (right hand)
 t - an uncursed ring of protection from magic {unknown}
 u - an uncursed ring of protection from fire {unknown}
 w - an uncursed ring of positive energy
 N - the amulet of the Distant Future (around neck) {Harm *Drain Str+2}
   (You found it on level 3 of the Lair of Beasts)

   [amulet of harm]

   It increases damage dealt and taken.
   It affects your strength (+2).
   It causes draining when unequipped.
 Q - a cursed -5 ring of dexterity {unknown}
Wands
 B - a wand of acid (15)
 F - a wand of enslavement (4)
 G - a wand of flame (13)
 T - a wand of polymorph (6)
 W - a wand of clouds (6)
Scrolls
 l - 5 scrolls of teleportation
 m - 4 scrolls of blinking
 p - 3 scrolls of fog
 q - 2 scrolls of enchant armour
 x - 4 scrolls of remove curse
 y - a scroll of vulnerability
 K - 3 scrolls of amnesia
 L - a scroll of summoning
 M - a scroll of holy word {unknown}
 O - a scroll of acquirement {unknown}
 P - a scroll of fear
 R - 2 scrolls of immolation
 S - a scroll of silence {unknown}
 U - a scroll of magic mapping
Potions
 e - 2 potions of flight
 j - 2 potions of agility
 o - 3 potions of lignification
 s - 5 potions of curing
 A - 8 potions of brilliance
 D - a potion of cancellation
 E - 2 potions of magic
 I - 2 potions of might
 V - a potion of heal wounds
 Y - a potion of haste
Miscellaneous
 g - a phantom mirror
Comestibles
 f - 28 rations


   Skills:
 - Level 10.0 Fighting
 - Level 9.0(11.2) Axes
 - Level 10.9(12.1) Maces & Flails
 - Level 3.5 Throwing
 - Level 10.1 Armour
 - Level 10.0 Dodging
 * Level 6.8 Shields
 - Level 10.0 Invocations


You had 13 spell levels left.
You didn't know any spells.
Your spell library contained the following spells:

 Spells                   Type           Power        Failure   Level  Hunger
 Animate Skeleton         Necr           N/A          41%         1    ##.....
 Apportation              Tloc           #.....       41%         1    ##.....
 Confusing Touch          Hex            #.....       41%         1    ##.....
 Infusion                 Chrm           #...         41%         1    ##.....
 Magic Dart               Conj           #...         41%         1    ##.....
 Pain                     Necr           #...         41%         1    ##.....
 Sandblast                Erth           #.....       41%         1    ##.....
 Shock                    Conj/Air       #...         41%         1    ##.....
 Summon Small Mammal      Summ           #...         41%         1    ##.....
 Blink                    Tloc           N/A          54%         2    ###....
 Call Imp                 Summ           #.......     54%         2    ###....
 Passwall                 Tmut/Erth      #.......     54%         2    ###....
 Searing Ray              Conj           #.....       54%         2    ###....
 Shroud of Golubria       Chrm/Tloc      #.........   54%         2    ###....
 Slow                     Hex            #.......     54%         2    ###....
 Song of Slaying          Chrm           #.......     54%         2    ###....
 Swiftness                Chrm/Air       #.......     54%         2    ###....
 Conjure Flame            Conj/Fire      #.......     78%         3    ####...
 Dazzling Spray           Conj/Hex       #.....       78%         3    ####...
 Mephitic Cloud           Conj/Pois/Air  #.......     78%         3    ####...
 Recall                   Summ/Tloc      N/A          78%         3    ####...
 Regeneration             Chrm/Necr      #.........   78%         3    ####...
 Spectral Weapon          Hex/Chrm       #.......     78%         3    ####...
 Static Discharge         Conj/Air       #.......     78%         3    ####...
 Stone Arrow              Conj/Erth      #.....       78%         3    ####...
 Vampiric Draining        Necr           #.........   78%         3    ####...
 Airstrike                Air            #.........   99%         4    #####..
 Animate Dead             Necr           N/A          99%         4    #####..
 Force Lance              Conj/Tloc      #.......     99%         4    #####..
 Fulminant Prism          Conj/Hex       #.........   99%         4    #####..
 Iskenderun's Mystic Bla  Conj           #.......     99%         4    #####..
 Passage of Golubria      Tloc           N/A          99%         4    #####..
 Petrify                  Tmut/Erth      #.......     99%         4    #####..
 Borgnjor's Vile Clutch   Necr/Erth      #.........   100%        5    ######.
 Lee's Rapid Deconstruct  Erth           #.........   100%        5    ######.
 Lightning Bolt           Conj/Air       #.........   100%        5    ######.
 Darkness                 Hex            #.........   100%        6    #######
 Death Channel            Necr           #.........   100%        6    #######
 Invisibility             Hex            #.......     100%        6    #######
 Simulacrum               Ice/Necr       #.........   100%        6    #######


Dungeon Overview and Level Annotations

Branches:
Dungeon (9/15)             Temple (1/1) D:4            Lair (6/6) D:8
 Shoals (0/4) Lair:2        Snake (0/4) Lair:4        Slime (0/5) Lair:5
    Orc (2/2) D:9             Elf (0/3) Orc:2

Altars:
Cheibriados
Dithmenos
Elyvilon
Gozag
Kikubaaqudgha
Makhleb
Nemelex Xobeh
Okawaru
Qazlal
Sif Muna
Uskayaw
Wu Jian
Yredelemnul
The Shining One
Beogh
Jiyva

Shops:
Orc:2 }

Annotations:
D:8 1 runed translucent door, icantfindaname's ghost, novice FoFi
Lair:1 3 runed translucent doors, TalonFearstriker's ghost, novice MiHu
Lair:5 1 runed translucent door
Lair:6 1 runed translucent door


Innate Abilities, Weirdness & Mutations

You have a pair of antennae on your head.
You sometimes gain a little power by taking damage.
When hurt, damage is shared between your health and your magic reserves.
You regenerate magic rapidly.
Your movements are less encumbered by armour. (ER -4)


Message History

The ogre mage points at the ogre and mumbles some strange words.
The ogre hits you with a +0 giant club!
A cyclops comes into view.
The ogre hits you with a +0 giant club!!
* * * LOW HITPOINT WARNING * * *
You focus on the pain.
You feel more agile all of a sudden.
The ogre mage hits you but does no damage.
The ogre hits you with a +0 giant club!
* * * LOW HITPOINT WARNING * * *
The ogre mage hits you but does no damage.
The ogre hits you with a +0 giant club!
* * * LOW HITPOINT WARNING * * *
The ogre barely misses you.
Your hellwing swoops through the air toward the ogre!
Your hellwing hits the ogre!
Your hellwing hits the ogre but does no damage.
The ogre mage hits you but does no damage.
The ogre hits you with a +0 giant club.
You die...

####... ### #.##... ##
##.####.#....
##$####...##.......
#....##............
#........##......# ##
##.......#.......#
##.###....##.........##
###..O#O@....#.#.........
##..#.OOOOO#..####........
.....$.T4O[O...# #.#......
∩.....T))(....## ##.....<
....OT).......# ##.....
...C..[)......# #......
...........#...# ##.....
.........####.## ##....
...##...## ## ####....


You could see an iron troll, 2 two-headed ogres, 2 ogre magi, a cyclops, 2
trolls, 5 ogres and a friendly hellwing.

Vanquished Creatures
  Nessos (Lair:5)
  Snorg (Lair:4)
  2 ettins (Orc:2)
  An alligator (Lair:5)
  6 two-headed ogres (Orc:2)
  4 hydras
  5 death yaks (Lair:5)
  An orc high priest (Orc:2)
  A deep troll (Orc:2)
  A swamp dragon (Lair:6)
  A lindwurm (Lair:6)
  An orc sorcerer (Orc:2)
  A cyclops (Orc:2)
  A shining eye (Lair:6)
  5 black mambas
  15 elephants (Lair:6)
  4 torpor snails (Lair:6)
  6 spiny frogs
  5 rime drakes
  5 komodo dragons
  4 tyrant leeches (Lair:6)
  A queen bee (Lair:1)
  5 trolls (Orc:2)
  A polar bear (Lair:6)
  13 blink frogs
  6 hornets (Lair:6)
  14 dream sheep (Lair:6)
  11 hippogriffs
  27 yaks
  Sigmund (D:4)
  7 wyverns (Lair:4)
  A human (Orc:2)
  9 basilisks
  A steam dragon (Lair:6)
  4 nagas (Lair:4)
  5 water moccasins
  13 orc warriors
  4 porcupines
  5 swamp drakes (Lair:6)
  4 sky beasts
  2 black bears
  An eye of draining (Lair:1)
  2 ice beasts
  3 necrophages
  3 phantoms
  4 centaurs
  11 ogres
  3 wolves (Lair:5)
  5 crocodiles
  6 bullfrogs
  A big kobold (D:9)
  A wyvern zombie (D:9)
  8 scorpions
  35 killer bees
  5 wights (D:7)
  2 howler monkeys
  4 crimson imps
  A jelly (D:6)
  2 hounds (D:5)
  10 orc priests
  14 orc wizards
  2 bullfrog skeletons
  A centaur skeleton (D:4)
  5 iguanas
  4 worker ants
  2 hound skeletons
  3 gnolls
  14 adders
  A shadow imp (D:5)
  2 adder zombies
  3 worms
  A dart slug (D:2)
  4 leopard geckos
  39 orcs
  7 giant cockroaches
  2 goblins
  8 hobgoblins
  11 jackals
  11 kobolds
  3 quokkas
  3 bats
  2 frilled lizards
  A leopard gecko skeleton (D:7)
  3 rats
  11 fungi
  8 plants (Lair:6)
477 creatures vanquished.

Vanquished Creatures (collateral kills)
  A fire dragon (Lair:6)
  A hydra (Lair:6)
  An elephant (Lair:6)
  A troll (Orc:2)
  A warg (Lair:5)
  A bullfrog (Lair:5)
  A killer bee (Lair:1)
  An orc wizard (Orc:2)
  An orc (Orc:2)
9 creatures vanquished.

Vanquished Creatures (others)
  A black mamba (Lair:6)
  29 fungi
  25 plants
55 creatures vanquished.

Grand Total: 541 creatures vanquished

Notes
Turn   | Place    | Note
-------+----------+-------------------------------------------
     0 | D:1      | Zorbak the Demonspawn Gladiator began the quest for the
                  | Orb.
     0 | D:1      | Reached XP level 1. HP: 16/16 MP: 1/1
   128 | D:1      | Gained mutation: When hurt, damage is shared between your
                  | health and your magic reserves. [demonic ancestry]
   128 | D:1      | Reached XP level 2. HP: 15/22 MP: 2/2
   456 | D:2      | Gained mutation: You have a pair of small antennae on your
                  | head. [demonic ancestry]
   456 | D:2      | Reached XP level 3. HP: 27/27 MP: 3/3
   461 | D:2      | Noticed a sky beast
   629 | D:3      | Reached XP level 4. HP: 21/33 MP: 4/4
   991 | D:3      | Reached skill level 5 in Maces & Flails
  1081 | D:3      | Reached XP level 5. HP: 31/38 MP: 3/5
  1191 | D:2      | Found a snail-covered altar of Cheibriados.
  1334 | D:4      | Noticed an ogre
  1381 | D:4      | Noticed a phantom
  1511 | D:4      | Found a staircase to the Ecumenical Temple.
  1520 | Temple   | Entered the Ecumenical Temple
  1543 | Temple   | Became a worshipper of Makhleb the Destroyer
  1601 | D:4      | Noticed Sigmund
  1613 | D:4      | Killed Sigmund
  1613 | D:4      | Reached XP level 6. HP: 39/44 MP: 6/6
  1728 | D:4      | Reached XP level 7. HP: 25/50 MP: 3/7
  2124 | D:5      | Entered Level 5 of the Dungeon
  2853 | D:5      | Gained mutation: You have a pair of antennae on your head.
                  | [demonic ancestry]
  2853 | D:5      | Reached XP level 8. HP: 39/55 MP: 6/8
  2869 | D:5      | Reached skill level 1 in Armour
  3328 | D:7      | Found a sparkling altar of Nemelex Xobeh.
  3330 | D:7      | Found a basalt altar of Yredelemnul.
  3572 | D:6      | Found an iron altar of Okawaru.
  3652 | D:6      | Reached * piety under Makhleb
  4321 | D:6      | Found a white marble altar of Elyvilon.
  4749 | D:7      | Reached skill level 5 in Dodging
  4758 | D:7      | Got an encrusted hand axe
  4759 | D:7      | Identified the +7 hand axe of Ashenzari's Hope {chaos,
                  | -Tele rF+ rC++ Int+3} (You found it on level 7 of the
                  | Dungeon)
  4791 | D:7      | Gained mutation: You sometimes gain a little power by
                  | taking damage. [demonic ancestry]
  4791 | D:7      | Reached XP level 9. HP: 28/58 MP: 9/9
  4811 | D:7      | Reached skill level 5 in Armour
  4818 | D:7      | Reached skill level 1 in Axes
  5354 | D:7      | Found a shadowy altar of Dithmenos.
  5356 | D:7      | Found an ancient bone altar of Kikubaaqudgha.
  5379 | D:7      | Found a glowing golden altar of the Shining One.
  5598 | D:7      | Noticed a five-headed hydra
  5626 | D:8      | Found a staircase to the Lair.
  5718 | D:8      | Found a runed translucent door.
  5718 | D:8      | Noticed icantfindaname's ghost (novice FoFi)
  5787 | D:8      | Reached ** piety under Makhleb
  6036 | Lair:1   | Entered Level 1 of the Lair of Beasts
  6049 | Lair:1   | Reached skill level 5 in Axes
  6089 | Lair:1   | Noticed a spiny frog
  6098 | Lair:1   | Killed a spiny frog
  6098 | Lair:1   | Reached XP level 10. HP: 60/70 MP: 7/10
  6131 | Lair:1   | Noticed an eight-headed hydra
  6151 | Lair:1   | Found a runed translucent gate.
  6151 | Lair:1   | Found a runed translucent gate.
  6151 | Lair:1   | Found a runed translucent gate.
  6155 | Lair:1   | Noticed TalonFearstriker's ghost (novice MiHu)
  6417 | Lair:2   | Found a staircase to the Shoals.
  7176 | Lair:3   | Got a shimmering ruby amulet
  7260 | Lair:3   | Reached skill level 5 in Fighting
  7531 | Lair:3   | Noticed a black mamba
  7537 | Lair:3   | Killed a black mamba
  7700 | Lair:3   | Identified the amulet of the Distant Future {Harm *Drain
                  | Str+2} (You found it on level 3 of the Lair of Beasts)
  7867 | Lair:4   | Noticed Snorg
  8065 | Lair:4   | Killed Snorg
  8065 | Lair:4   | Gained mutation: Your movements are slightly less
                  | encumbered by armour. (ER -2) [demonic ancestry]
  8065 | Lair:4   | Reached XP level 11. HP: 60/80 MP: 6/11
  8234 | Lair:4   | Noticed a four-headed hydra
  8329 | Lair:4   | Reached *** piety under Makhleb
  8413 | Lair:4   | Found a staircase to the Snake Pit.
  8527 | Lair:5   | Noticed a four-headed hydra
  8533 | Lair:5   | Killed a four-headed hydra
  8533 | Lair:5   | Reached skill level 1 in Invocations
  8576 | Lair:5   | Noticed a death yak
  8576 | Lair:5   | Noticed a death yak
  8576 | Lair:5   | Noticed a death yak
  8578 | Lair:5   | Noticed a death yak
  8578 | Lair:5   | Noticed a death yak
  8580 | Lair:5   | Noticed a death yak
  8582 | Lair:5   | You fall through a shaft!
  8582 | Lair:6   | Entered Level 6 of the Lair of Beasts
  8601 | Lair:6   | Noticed a five-headed hydra
  8986 | Lair:6   | Killed a five-headed hydra
  9020 | Lair:6   | Reached skill level 5 in Invocations
  9020 | Lair:6   | Reached XP level 12. HP: 35/92 MP: 6/15
  9062 | Lair:6   | Noticed a four-headed hydra
  9100 | Lair:6   | Killed a four-headed hydra
  9378 | Lair:6   | Noticed an eight-headed hydra
  9391 | Lair:6   | Killed an eight-headed hydra
  9772 | Lair:6   | Reached skill level 10 in Dodging
  9777 | Lair:6   | Reached **** piety under Makhleb
 10143 | Lair:6   | Found a runed translucent door.
 10144 | Lair:6   | Noticed a fire dragon
 10149 | Lair:6   | Gained mutation: You regenerate magic rapidly. [demonic
                  | ancestry]
 10149 | Lair:6   | Reached XP level 13. HP: 101/101 MP: 19/19
 10228 | Lair:6   | Reached skill level 10 in Fighting
 10551 | Lair:6   | Reached skill level 10 in Invocations
 10558 | Lair:6   | Noticed a fire dragon
 10586 | Lair:6   | Killed a fire dragon
 10940 | Lair:5   | Reached ***** piety under Makhleb
 10971 | Lair:5   | Reached skill level 10 in Armour
 11381 | Lair:5   | Found a runed translucent door.
 11381 | Lair:5   | Found a viscous altar of Jiyva.
 11381 | Lair:5   | Found a staircase to the Slime Pits.
 11390 | Lair:5   | Noticed Nessos
 11403 | Lair:5   | Killed Nessos
 11724 | Lair:4   | Reached skill level 10 in Maces & Flails
 12428 | D:9      | Gained mutation: Your movements are less encumbered by
                  | armour. (ER -4) [demonic ancestry]
 12428 | D:9      | Reached XP level 14. HP: 109/110 MP: 18/21
 12442 | D:9      | Found a staircase to the Orcish Mines.
 12835 | D:9      | Found a roughly hewn altar of Beogh.
 12854 | Orc:1    | Entered Level 1 of the Orcish Mines
 12951 | Orc:1    | Reached skill level 1 in Shields
 13084 | Orc:2    | Entered Level 2 of the Orcish Mines
 13226 | Orc:2    | Found a roughly hewn altar of Beogh.
 13463 | Orc:2    | Found a staircase to the Elven Halls.
 13684 | Orc:2    | Found Ythastris's Gadget Emporium.
 13694 | Orc:2    | Reached ****** piety under Makhleb
 13701 | Orc:2    | Reached skill level 5 in Shields
 13727 | Orc:2    | Paralysed by an ogre mage for 5 turns
 13729 | Orc:2    | HP: 1/110 [ogre/+0 giant club (17)]
 13729 | Orc:2    | Slain by an ogre

Skill      XL: |  1  2  3  4  5  6  7  8  9 10 11 12 13 14 |
---------------+-------------------------------------------+-----
Maces & Flails | 3 4 5 6 7 9 10 | 10.9
Armour         | 4 5 6 8 10 | 10.1
Dodging        | 5 7 10 | 10.0
Axes           | 6 9 |  9.0
Fighting       | 4 6 8 9 10 | 10.0
Invocations    | 5 9 10 | 10.0
Throwing       | 3 |  3.5
Shields        | 6 |  6.8

Action                   |  1- 3 |  4- 6 |  7- 9 | 10-12 | 13-15 || total
-------------------------+-------+-------+-------+-------+-------++-------
Melee: Flail             |    68 |   105 |   258 |    18 |     1 ||   450
       Hand axe          |       |       |   119 |   448 |   604 ||  1171
 Fire: Blowgun           |       |       |       |       |     6 ||     6
Throw: Throwing net      |       |     3 |     2 |       |       ||     5
Invok: Lesser Servant of |       |       |       |     2 |     8 ||    10
       Minor Destruction |       |       |       |       |     9 ||     9
Evoke: Wand              |       |       |       |    11 |     1 ||    12
  Use: Potion            |       |     1 |       |     9 |     3 ||    13
       Scroll            |       |       |    17 |    11 |     3 ||    31
 Stab: Sleeping          |     1 |       |       |       |       ||     1
       Held in net/web   |       |     1 |     1 |       |       ||     2
       Confused          |       |       |     3 |     1 |     2 ||     6
       Paralysed         |       |       |     1 |     7 |     3 ||    11
       Petrifying        |       |       |       |     2 |     2 ||     4
       Petrified         |       |       |       |       |     5 ||     5
       Distracted        |       |       |       |       |     1 ||     1
  Eat: Chunk             |       |     2 |    14 |     7 |    12 ||    35
       Ration            |       |       |       |     2 |       ||     2
Armor: Leather armour    |    14 |    17 |    29 |       |       ||    60
       Scale mail        |       |       |    33 |   135 |    26 ||   194
       Fire dragon scale |       |       |       |       |   120 ||   120
Dodge: Dodged            |    41 |    70 |   190 |   327 |   430 ||  1058
Block: Buckler           |       |       |       |       |    37 ||    37
